Map: Dusty Gorge

Players

ELApower - Winner!

  • Race: Protoss Protoss
  • Spawn Location: 9:00

PureLegacy - Winner!

  • Race: Terran Terran
  • Spawn Location: 11:00

Devangel

  • Race: Protoss Protoss
  • Spawn Location: 3:00

CrioZola

  • Race: Zerg Zerg
  • League: Master
  • Spawn Location: 5:00

VOD

Have the link to the VOD?

Description

Time

  • Played on: Nov. 22, 2018, 4:20 p.m.
  • Length: 8:44
Show
View Real Time Build Order
Export as new Build Order

ELApower Protoss - Winner!

Build Orders: Oracle Opening, Phoenix Opening, Mass Phoenix 

Get SALT Encoding   

  12  0:01  Probe  
  13  0:13  Probe  
  14  0:19  Pylon  
  14  0:25  Probe  
  15  0:38  Gateway  
  15  0:40  Probe  
  16  0:45  Assimilator  
  16  0:51  Probe  
  17  0:58  Assimilator  
  17  0:59  Probe  
  18  1:07  Probe  
  19  1:18  Probe  
  20  1:29  Cybernetics Core  
  20  1:33  Probe  
  21  1:46  Probe, Pylon  
  22  1:54  Probe  
  22  1:57  Adept  
  23  2:02  Probe  
  26  2:08  Warp Gate  
  26  2:13  Probe  
  27  2:24  Stargate  
  27  2:29  Stargate  
  27  2:36  Shield Battery  
  27  2:39  Probe  
  28  2:58  Oracle, Nexus  
  31  3:25  Pylon  
  31  3:43  Probe, Phoenix  
  34  3:50  Assimilator  
  34  3:55  Probe  
  35  4:07  Probe  
  35  4:08  Phoenix  
  38  4:19  Probe  
  39  4:31  Probe  
  39  4:33  Probe  
  39  4:37  Phoenix x2  
  45  4:40  Probe  
  45  4:42  Robotics Facility  
  45  4:45  Probe  
  47  4:50  Probe, Sentry  
  50  4:55  Assimilator  
  50  4:57  Probe, Pylon  
  51  5:02  Probe  
  52  5:09  Probe  
  53  5:14  Probe  
  53  5:17  Pylon  
  53  5:19  Phoenix x2  
  55  5:21  Probe  
  55  5:26  Immortal, Probe, Pylon  
  57  5:33  Probe  
  58  5:39  Probe  
  63  5:53  Probe x2  
  63  5:56  Pylon  
  65  5:58  Phoenix x2  
  69  6:21  Immortal  
  69  6:28  Probe  
  69  6:29  Probe  
  75  6:35  Robotics Bay  
  75  7:12  Probe  
  75  7:14  Nexus  
  76  7:16  Pylon  
  76  7:17  Void Ray x2  
  84  7:24  Pylon  
  84  7:25  Pylon  
  84  7:26  Pylon  
  84  7:35  Immortal  
  86  8:17  Probe x2  
  88  8:20  Gateway  
  88  8:21  Gateway  
  88  8:24  Assimilator  
  96  8:29  Assimilator  
  96  8:34  Gateway  
  102  8:35  Gateway  
  102  8:38  Robotics Facility  
  102  8:39  Forge  
  105  8:42  Forge  
Show
View Real Time Build Order
Export as new Build Order

PureLegacy Terran - Winner!

Build Orders:  

Get SALT Encoding   

  12  0:01  SCV  
  13  0:13  SCV  
  14  0:18  Supply Depot  
  14  0:25  SCV  
  15  0:33  Refinery  
  15  0:40  SCV  
  16  0:45  Barracks  
  16  0:52  SCV  
  17  1:08  Barracks  
  17  1:19  Barracks  
  17  1:21  SCV  
  18  1:37  Reaper  
  19  1:48  Orbital Command  
  19  1:51  Refinery  
  19  1:56  Reaper  
  20  2:01  Supply Depot  
  20  2:06  Reaper  
  21  2:12  Reaper  
  22  2:16  SCV  
  23  2:27  Supply Depot  
  23  2:28  SCV  
  23  2:29  Reaper  
  25  2:38  Reaper  
  25  2:40  SCV  
  27  2:48  Reaper  
  28  2:54  SCV  
  29  3:01  Reaper  
  30  3:14  Reaper  
  30  3:16  Command Center  
  31  3:26  Reaper  
  32  3:27  SCV  
  32  3:30  Supply Depot  
  32  3:33  Reaper  
  34  3:55  Reaper, SCV  
  36  4:02  Reaper  
  37  4:04  Engineering Bay  
  37  4:07  SCV  
  37  4:08  Reaper  
  39  4:10  Barracks x2  
  39  4:19  SCV  
  40  4:27  Reaper  
  40  4:32  Orbital Command  
  40  4:33  Terran Infantry Weapons Level 1  
  40  4:34  Reaper  
  41  4:40  SCV  
  41  4:45  Refinery  
  42  4:46  Refinery, Reaper  
  42  4:52  SCV  
  44  4:57  Reaper  
  44  4:59  SCV  
  47  5:07  SCV  
  47  5:08  Supply Depot  
  47  5:11  SCV  
  47  5:12  Reaper x2  
  50  5:14  Reaper  
  50  5:21  Reaper  
  52  5:22  SCV  
  52  5:23  SCV  
  54  5:33  Reaper  
  53  5:47  Reaper x2  
  53  5:48  Reaper  
  56  5:52  Barracks  
  56  5:54  Barracks, Reaper, Supply Depot  
  56  5:55  Barracks  
  57  6:05  Reaper, SCV x2  
  57  6:09  Supply Depot  
  59  6:19  Reaper  
  59  6:20  Reaper, SCV x2  
  63  6:27  Terran Infantry Armor Level 1, Reaper  
  63  6:30  Reaper  
  63  6:32  SCV x2  
  66  6:41  Reaper x2  
  66  6:43  Reaper  
  66  6:44  Reaper  
  70  6:52  Reaper  
  70  6:53  Reaper  
  68  7:02  Reaper x2  
  68  7:03  SCV x2  
  72  7:13  Supply Depot, Reaper x2, Command Center  
  72  7:14  Supply Depot  
  67  7:30  Reaper x2  
  67  7:33  Reaper x2  
  71  7:37  Reaper  
  71  7:38  Reaper  
  71  7:40  Barracks x2  
  71  7:42  Barracks  
  73  7:45  Reaper x2  
  73  7:48  SCV  
  73  7:49  SCV  
  77  7:58  Supply Depot  
  77  8:00  SCV  
  77  8:01  SCV  
  77  8:02  Reaper x2  
  77  8:05  Reaper x2  
Show
View Real Time Build Order
Export as new Build Order

Devangel Protoss 

Build Orders:  

Get SALT Encoding   

  12  0:01  Probe  
  13  0:13  Probe  
  14  0:18  Pylon  
  14  0:31  Probe  
  15  0:38  Gateway  
  15  0:42  Assimilator  
  15  0:43  Probe  
  16  0:57  Probe  
  17  1:08  Probe  
  18  1:16  Probe  
  18  1:24  Probe  
  19  1:28  Cybernetics Core  
  20  1:35  Probe  
  21  1:48  Nexus  
  21  1:54  Probe  
  21  2:01  Pylon  
  22  2:07  Warp Gate  
  22  2:08  Adept  
  23  2:21  Gateway  
  23  2:32  Gateway  
  23  2:33  Adept  
  25  2:46  Shield Battery  
  25  2:47  Probe  
  26  2:58  Assimilator  
  26  3:02  Gateway  
  26  3:21  Probe x2  
  26  3:22  Adept x2  
  32  3:32  Twilight Council  
  30  3:50  Adept x2  
  30  3:55  Stalker x2  
  34  4:01  Pylon  
  23  4:34  Probe x2  
  25  4:42  Probe x2  
  25  4:51  Probe  
  25  4:52  Probe  
  29  5:04  Probe x2  
  29  5:15  Resonating Glaives  
  29  5:17  Probe x2  
  31  5:29  Probe x2  
  33  5:41  Probe x2  
  31  5:50  Adept  
  31  5:51  Adept  
  35  5:58  Probe x2  
  35  6:04  Shield Battery  
  37  6:10  Probe x2  
  34  6:21  Stalker  
  30  6:25  Probe  
  30  6:26  Probe  
  32  6:38  Stalker, Probe x2  
  36  6:50  Probe x2  
  38  7:02  Probe  
  39  7:13  Stalker  
  39  7:14  Stalker  
  31  7:29  Stalker  
  27  7:49  Stalker  
  27  7:50  Stalker x2  
  33  7:53  Probe x2  
  34  8:05  Probe  
  34  8:06  Probe  
  30  8:16  Adept x2  
  30  8:17  Adept x2  
  24  8:28  Probe x2  
Show
View Real Time Build Order
Export as new Build Order

CrioZola Zerg 

Build Orders: Hatch First 

Get SALT Encoding   

  12  0:01  Drone  
  13  0:14  Overlord  
  13  0:18  Drone  
  14  0:32  Drone x2  
  16  0:42  Drone  
  17  0:56  Hatchery  
  16  1:02  Drone x2  
  18  1:16  Extractor  
  18  1:18  Spawning Pool  
  16  1:25  Drone x2  
  18  1:29  Drone  
  19  1:43  Overlord  
  19  1:59  Drone  
  20  2:12  Queen x2  
  20  2:13  Zergling x2  
  20  2:14  Zergling x4  
  27  2:19  Metabolic Boost  
  27  2:24  Zergling x4  
  29  2:35  Roach Warren  
  28  2:40  Drone x2  
  30  2:46  Overlord  
  30  2:57  Overlord  
  30  2:58  Drone  
  30  2:59  Drone  
  31  3:24  Roach  
  31  3:25  Roach x5  
  42  3:32  Zergling x6  
  45  3:41  Spore Crawler  
  45  3:43  Spore Crawler  
  45  3:47  Overlord  
  43  3:58  Roach  
  43  4:00  Roach x2  
  47  4:05  Roach  
  49  4:10  Roach  
  49  4:13  Drone  
  49  4:14  Drone  
  53  4:20  Roach  
  55  4:28  Roach  
  55  4:29  Roach  
  56  4:34  Drone  
  56  4:35  Drone  
  56  4:37  Extractor  
  57  4:43  Roach  
  59  4:55  Overlord  
  59  4:56  Overlord  
  59  4:57  Overlord  
  55  5:12  Roach x2  
  59  5:15  Drone x3  
  62  5:27  Drone x3  
  65  5:29  Extractor  
  58  5:50  Roach  
  58  5:51  Roach x2  
  64  5:57  Lair  
  64  6:07  Roach x2  
  68  6:17  Roach x2  
  68  6:18  Roach  
  70  6:21  Roach  
  72  6:26  Roach  
  72  6:32  Queen  
  76  6:40  Overlord  
  76  6:51  Roach x3  
  66  7:05  Roach x4  
  68  7:10  Glial Reconstitution  
  68  7:14  Roach  
  70  7:17  Roach  
  72  7:31  Roach x3  
  72  7:32  Roach  
  80  7:42  Overlord  
  76  8:07  Overlord  
  76  8:08  Overlord x2  
  73  8:14  Spore Crawler  
Tags
 
Add a new tag
Caveats
  • Supply blocks, unpowered buildings, or Contaminate may cause inaccurate times.
  • Supply counts are checked every 10 seconds.